Map: Triton LE

Players

ViBE - Winner!

  • Race: Terran Terran
  • League: Master
  • Spawn Location: 5:00

Durham

  • Race: Protoss Protoss
  • League: Diamond
  • Spawn Location: 11:00

VOD

Have the link to the VOD?

Description

Time

  • Played on: Dec. 26, 2019, 6:45 p.m.
  • Length: 12:21
Show
View Real Time Build Order
Export as new Build Order

ViBE Terran - Winner!

Build Orders: Reaper Expand 

Get SALT Encoding   

  12  0:00  SCV  
  13  0:13  SCV  
  14  0:18  Supply Depot  
  14  0:25  SCV  
  15  0:39  SCV  
  15  0:40  Barracks  
  16  0:45  Refinery  
  16  0:51  SCV  
  17  1:03  SCV  
  18  1:15  SCV  
  19  1:30  Orbital Command, Reaper  
  20  1:44  Command Center  
  20  1:51  Refinery  
  20  1:58  Supply Depot  
  20  2:06  SCV  
  21  2:18  SCV  
  21  2:22  Factory  
  22  2:30  SCV  
  23  2:37  Barracks Tech Lab  
  23  2:42  SCV  
  24  2:54  SCV  
  24  2:56  Orbital Command  
  25  3:06  SCV  
  26  3:14  Starport  
  26  3:18  SCV  
  27  3:30  SCV  
  27  3:31  SCV  
  29  3:41  Cyclone  
  29  3:42  SCV  
  29  3:43  SCV  
  31  3:50  Starport Tech Lab  
  31  3:54  SCV  
  31  3:55  SCV  
  33  4:07  SCV x2  
  35  4:10  Banshee  
  35  4:12  Cloaking Field  
  38  4:18  Cyclone  
  38  4:19  SCV x2  
  38  4:23  Factory  
  43  4:31  SCV x2  
  44  4:32  Supply Depot  
  44  4:36  Supply Depot  
  45  4:43  SCV  
  46  4:54  SCV  
  46  4:55  SCV  
  46  4:57  Banshee  
  46  4:58  Cyclone, Command Center  
  54  5:06  SCV, Factory Reactor  
  55  5:20  SCV  
  55  5:21  SCV  
  56  5:25  Refinery x2  
  56  5:35  SCV x2, Cyclone  
  61  5:47  SCV  
  62  5:51  Supply Depot  
  62  5:52  Supply Depot  
  62  5:53  Supply Depot  
  62  5:55  Supply Depot  
  62  6:05  Supply Depot  
  62  6:09  SCV, Banshee  
  62  6:10  Hellion x2  
  70  6:19  Hyperflight Rotors, Orbital Command  
  70  6:22  Command Center  
  70  6:24  Engineering Bay  
  70  6:26  Cyclone  
  70  6:31  Hellion x2  
  77  6:34  Armory  
  77  6:35  Armory  
  77  6:40  SCV x2  
  79  6:52  Banshee  
  82  6:55  Hellion x2  
  82  6:58  Cyclone  
  89  7:02  SCV x2  
  89  7:07  Orbital Command  
  92  7:14  SCV  
  90  7:25  Mag-Field Accelerator  
  90  7:30  SCV x2  
  90  7:32  Terran Ship Weapons Level 1, Terran Vehicle And Ship Armor Level 1  
  90  7:34  SCV  
  93  7:42  SCV  
  93  7:43  SCV  
  95  7:46  SCV  
  95  7:47  Refinery  
  95  7:48  Refinery, Command Center  
  95  7:49  Banshee  
  99  7:54  SCV  
  99  7:55  SCV  
  99  7:58  SCV  
  102  8:07  Cyclone  
  102  8:08  Hellion x2  
  109  8:26  SCV  
  109  8:27  SCV x2  
  112  8:33  Banshee  
  115  8:35  Hellion x2  
  115  8:39  SCV x3  
  111  8:41  Factory x2  
  111  8:42  Factory  
  111  8:48  Starport  
  111  8:54  Planetary Fortress  
  111  8:55  SCV x3  
  114  9:04  Infernal Pre-Igniter  
  114  9:07  SCV x2  
  116  9:16  Banshee  
  122  9:24  Cyclone  
  122  9:25  Hellion x2  
  122  9:26  Factory Reactor, Factory Tech Lab x2  
  122  9:29  Starport Tech Lab  
  122  9:31  Starport  
  126  9:36  Factory  
  126  9:37  Factory  
  126  9:39  SCV x4  
  126  9:44  Refinery x2  
  130  9:47  Supply Depot  
  130  9:48  Supply Depot  
  130  9:49  Supply Depot  
  130  9:50  Supply Depot  
  130  9:51  SCV x3  
  133  9:56  Cyclone  
  136  10:04  SCV x4  
  140  10:17  Siege Tank x2  
  140  10:19  Hellion x4  
  140  10:20  Starport Tech Lab, Banshee x2  
  160  10:22  Factory Reactor x2  
  163  10:28  Siege Tank  
  165  10:42  Hellion  
  165  10:43  Hellion x3  
  165  10:49  Siege Tank  
  159  10:50  Siege Tank  
  159  11:00  Siege Tank  
  159  11:01  Hellion x4  
  171  11:04  Hellion x4  
  175  11:21  Siege Tank  
  175  11:22  Siege Tank  
  178  11:28  SCV  
  179  11:49  SCV x4, Hellion, Siege Tank  
  179  11:53  Hellbat  
  179  11:54  Hellbat  
  179  11:58  Hellbat  
  178  12:05  Fusion Core  
  178  12:08  SCV  
Show
View Real Time Build Order
Export as new Build Order

Durham Protoss 

Build Orders: 1 Gate Expand, Colossus Rush 

Get SALT Encoding   

  12  0:01  Probe  
  13  0:13  Probe  
  14  0:18  Pylon  
  14  0:25  Probe  
  15  0:37  Probe (Chrono Boost)  
  15  0:38  Gateway  
  16  0:45  Assimilator  
  16  0:49  Probe (Chrono Boost)  
  18  0:57  Probe (Chrono Boost)  
  18  1:03  Probe  
  19  1:15  Probe  
  20  1:27  Cybernetics Core  
  20  1:41  Nexus  
  20  1:45  Assimilator  
  20  1:53  Pylon  
  20  2:02  Adept (Chrono Boost)  
  20  2:05  Warp Gate  
  22  2:10  Shield Battery  
  22  2:11  Probe  
  23  2:22  Adept (Chrono Boost)  
  23  2:23  Probe  
  26  2:35  Probe  
  27  2:44  Stalker  
  27  2:51  Probe, Robotics Facility  
  30  2:59  Probe  
  30  3:03  Probe  
  32  3:22  Probe  
  31  3:36  Probe (Chrono Boost)  
  31  3:39  Probe (Chrono Boost)  
  33  3:47  Probe (Chrono Boost)  
  35  3:48  Robotics Bay  
  35  3:50  Probe (Chrono Boost)  
  35  3:51  Probe (Chrono Boost)  
  35  3:52  Gateway  
  35  3:53  Gateway  
  36  4:00  Probe (Chrono Boost)  
  37  4:03  Probe (Chrono Boost)  
  36  4:12  Stalker  
  36  4:15  Probe (Chrono Boost)  
  36  4:16  Observer (Chrono Boost)  
  41  4:17  Probe (Chrono Boost)  
  41  4:20  Assimilator  
  41  4:21  Probe (Chrono Boost)  
  41  4:24  Probe (Chrono Boost)  
  43  4:26  Pylon  
  43  4:29  Probe  
  44  4:40  Pylon, Colossus (Chrono Boost)  
  44  4:41  Probe  
  51  4:46  Stalker  
  51  4:51  Probe  
  54  4:57  Pylon  
  54  5:01  Stalker x2  
  54  5:04  Observer  
  54  5:05  Assimilator  
  58  5:15  Probe  
  58  5:17  Stalker  
  61  5:29  Nexus  
  61  5:31  Pylon  
  60  5:37  Observer (Chrono Boost)  
  60  5:38  Pylon  
  60  5:41  Twilight Council  
  61  5:45  Pylon  
  61  5:48  Forge  
  61  5:49  Probe  
  62  5:52  Disruptor (Chrono Boost), Shield Battery  
  65  5:57  Stalker  
  65  6:01  Shield Battery  
  65  6:03  Shield Battery  
  67  6:06  Pylon  
  67  6:11  Probe  
  68  6:20  Probe  
  68  6:25  Photon Cannon  
  69  6:26  Photon Cannon  
  69  6:29  Probe, Warp Prism (Chrono Boost)  
  69  6:32  Probe  
  73  6:41  Probe  
  73  6:44  Probe  
  75  6:47  Probe, Pylon  
  75  6:53  Probe  
  77  6:56  Photon Cannon, Blink (Chrono Boost)  
  77  6:58  Robotics Facility  
  77  7:02  Probe x2  
  77  7:04  Disruptor (Chrono Boost)  
  77  7:05  Probe  
  83  7:11  Extended Thermal Lance  
  83  7:14  Probe x2  
  85  7:22  Probe, Photon Cannon  
  86  7:23  Shield Battery  
  86  7:29  Disruptor (Chrono Boost)  
  86  7:30  Probe  
  86  7:33  Probe, Assimilator  
  86  7:35  Assimilator  
  91  7:38  Stalker  
  93  7:47  Probe  
  93  7:50  Probe  
  93  7:51  Probe  
  96  7:58  Disruptor  
  95  7:59  Probe  
  95  8:03  Stalker  
  95  8:04  Stalker x2  
  105  8:12  Pylon  
  105  8:14  Pylon  
  105  8:23  Pylon  
  99  8:27  Pylon  
  97  8:46  Observer (Chrono Boost)  
  99  8:49  Probe  
  99  8:50  Probe  
  99  8:53  Probe  
  102  9:01  Probe  
  102  9:02  Probe  
  104  9:05  Probe  
  101  9:14  Probe x2  
  103  9:17  Probe  
  103  9:23  Forge x2  
  104  9:26  Probe x2, Pylon x2  
  104  9:29  Probe  
  107  9:38  Probe x2  
  109  9:41  Probe  
  109  9:42  Nexus  
  109  9:43  Pylon  
  109  9:44  Forge  
  109  9:45  Pylon x2  
  110  9:47  Pylon  
  110  9:48  Pylon  
  110  9:49  Pylon  
  110  9:50  Charge (Chrono Boost)  
  110  9:52  Assimilator  
  110  9:53  Pylon  
  110  10:01  Protoss Ground Weapons Level 1 (Chrono Boost), Photon Cannon, Protoss Ground Armor Level 1 (Chrono Boost), Observer  
  110  10:04  Photon Cannon  
  110  10:06  Photon Cannon  
  110  10:09  Stalker  
  110  10:12  Photon Cannon  
  110  10:13  Photon Cannon  
  112  10:15  Photon Cannon  
  112  10:18  Photon Cannon  
  112  10:24  Shield Battery, Disruptor x2 (Chrono Boost)  
  112  10:27  Pylon  
  118  10:34  Stargate  
  118  10:37  Stalker x2  
  104  10:55  Stalker  
  106  11:12  Photon Cannon  
  106  11:14  Photon Cannon  
  106  11:17  Photon Cannon  
  106  11:18  Probe, Photon Cannon x2  
  106  11:20  Photon Cannon  
  106  11:22  Photon Cannon  
  106  11:33  Probe x3  
  106  11:34  Phoenix (Chrono Boost)  
  111  11:40  Stalker  
  111  11:45  Probe x3  
  82  12:04  Stalker x3  
Tags
 
Add a new tag
Caveats
  • Supply blocks, unpowered buildings, or Contaminate may cause inaccurate times.
  • Supply counts are checked every 10 seconds.